cohdb
Replays
Latest Replays
All Replays
Popular Replays
Top Player Replays
Match Explorer
How It Works
Community
CoH3 Stats
Reddit
Sign in to upload your games and track your stats! →
Sign in with Steam
Brits don't seem to have any trouble either
Match 10240551
Overview
Messages
Build Orders
End
Vickers Machine Gun Team
Construct Section Command Post
Selects Indian Artillery Battlegroup
Infantry Section
Infantry Section
Construct Field Infirmary
Selects Towed ML 4.2-inch Heavy Mortar
Towed ML 4.2-inch Heavy Mortar
Construct Platoon Command Post
Selects Valour
6-pounder Anti-tank Gun Team
Selects Gurkha Rifles Section
Gurkha Rifles Section
Construct Company Command Post
Selects Volunteer Infantry
Foot Guards Section
Selects Off-map Airburst Barrage
Matilda II Heavy Tank
Crusader II Medium Tank
Royal Engineer Section
Crusader II Medium Tank
Crusader II Medium Tank
Selects Perimeter Monitor
Foot Guards Section
Crusader II Medium Tank
oki
TheChosen
0
0
Comments
sign in to comment!
No comments posted yet!